 Dungeon Crawl Stone Soup version 0.28.0-53-g5a82cb258f (webtiles) character file.

Game seed: 3049403638746579309

4746 VictoriousLee the Fighter (level 10, -8/76 HPs)
             Began as an Octopode Monk on July 5, 2022.
             Mangled by Harold
             ... wielding a +0 battleaxe
              (11 damage)
             ... on level 8 of the Dungeon on July 8, 2022.
             The game lasted 00:50:46 (8623 turns).

VictoriousLee the Fighter (Octopode Monk)           Turns: 8623, Time: 00:50:47

Health: -8/76      AC:  1    Str: 11    XL:     10   Next: 46%
Magic:  11/11      EV: 16    Int: 21    God:
Gold:   359        SH:  0    Dex: 22    Spells: 6/11 levels left

rFire   . . .      SeeInvis .   u - +0 halberd (venom)
rCold   . . .      Faith    .   (shield currently unavailable)
rNeg    . . .      Spirit   .   (helmet restricted)
rPois   .          Reflect  .   q - amulet of regeneration
rElec   .          Harm     .   i - +6 ring of intelligence
rCorr   .          Rampage  .   C - +6 ring of dexterity
Will    .....                   (no ring)
Stlth   +++++.....              (no ring)
HPRegen 1.02/turn               (no ring)
MPRegen 0.12/turn               (no ring)
                                (no ring)
                                (no ring)

@: no status effects
A: almost no armour, amphibious, 8 rings, camouflage 1, gelatinous body 1,
(nimble swimmer 1), tentacles
a: no special abilities


You were on level 8 of the Dungeon.
You visited 2 branches of the dungeon, and saw 9 of its levels.

You collected 359 gold pieces.

Inventory:

Hand Weapons
 a - a +0 falchion
 b - a +3 dagger
 c - a +2 whip of pain
 o - a +0 morningstar
 u - a +0 halberd of venom (weapon)
 w - a +0 dagger of protection
 z - a +0 falchion
 D - a +0 war axe
 J - a +2 vorpal flail
 K - a +0 whip of electrocution
Missiles
 d - 101 arrows
 f - 68 sling bullets
 k - 286 stones
 p - 3 javelins
 y - 3 boomerangs (quivered)
 B - 6 silver javelins
Jewellery
 e - an amulet of the acrobat
 i - a +6 ring of intelligence (left tentacle)
 q - an amulet of regeneration (around mantle)
 C - a +6 ring of dexterity (right tentacle)
Wands
 A - a wand of paralysis (5)
 E - a wand of digging (8)
Scrolls
 h - 2 scrolls of acquirement {unknown}
 j - 5 scrolls of teleportation
 l - a scroll of magic mapping {unknown}
 m - 2 scrolls of amnesia
 n - 2 scrolls of noise {unknown}
 r - a scroll of brand weapon {unknown}
 s - a scroll of immolation
 x - a scroll of holy word {unknown}
 F - a scroll of enchant weapon {unknown}
 I - 2 scrolls of fear {unknown}
Potions
 g - 7 potions of brilliance
 t - a potion of berserk rage {unknown}
 v - 5 potions of curing {unknown}
 G - a potion of flight {unknown}
 H - a potion of heal wounds


   Skills:
 - Level 10.1 Fighting
 - Level 8.5 Long Blades
 - Level 5.0 Dodging
 - Level 7.1 Stealth
 - Level 1.0 Spellcasting
 + Level 4.5 Hexes
 - Level 3.0 Translocations


You had 6 spell levels left.
You knew the following spells:

 Your Spells              Type           Power      Damage    Failure   Level
a - Blink                 Tloc           26%        N/A       7%          2
b - Confusing Touch       Hex            19%        N/A       8%          3

Your spell library contained the following spells:

 Spells                   Type           Power      Damage    Failure   Level
 Slow                     Hex            76%        N/A       2%          1
 Lesser Beckoning         Tloc           13%        N/A       14%         3
 Corpse Rot               Necr/Air       2%         N/A       24%         2
 Poisonous Vapours        Pois/Air       2%         N/A       24%         2
 Vampiric Draining        Necr           1%         2d6       43%         3
 Manifold Assault         Tloc           13%        N/A       78%         5
 Summon Mana Viper        Hex/Summ       10%        N/A       87%         5
 Summon Forest            Summ/Tloc      3%         N/A       94%         5
 Summon Cactus Giant      Summ           0%         N/A       100%        6


Dungeon Overview and Level Annotations

Branches:
Dungeon (8/15)             Temple (1/1) D:4
   Lair: D:8-11

Altars:
Ashenzari
Elyvilon
Fedhas
Gozag
Makhleb
Nemelex Xobeh
Okawaru
Qazlal
Ru
Sif Muna
Trog
Uskayaw
Vehumet
Wu Jian
Xom
Yredelemnul
Zin

Shops:
D:1 =   D:3 [

Annotations:
D:8 Harold


Innate Abilities, Weirdness & Mutations

You cannot wear most types of armour.
You are amphibious.
You can wear up to eight rings at the same time.
Your skin changes colour to match your surroundings (Stealth+).
Your rubbery body absorbs attacks. (AC +1, EV +1)
((You are camouflaged when in or above water. (Stealth+)))
You have tentacles for arms and can constrict up to eight enemies at once.


Message History

An orc warrior comes into view. It is wielding a +0 halberd.
Found a stone staircase leading up.
A centaur comes into view.
The orc shouts!
The centaur shouts!
You hear a shout!
Harold shouts!
Aiming: Paralyse
Press: ? - help, Shift-Dir - straight line, f - orc
Aim: an orc, wielding a +0 war axe and wearing a +0 chain mail (chance to affect: 66%)
The orc suddenly stops moving! 2 orcs come into view.
Reach: u) +0 halberd (venom)
Press: ? - help, Dir - move target, f - Harold, p - orc
Aim: Harold, wielding a +0 battleaxe, wearing a +2 chain mail of cold resistance and quivering a throwing net (about 23% to evade your +0 halberd of venom)
The orc is in the way.
The helpless orc fails to defend itself.
You slash the orc!
The orc is poisoned.
You grab the orc.
The orc is almost dead.
You constrict the orc, but do no damage.
You kill the orc!
Aiming: Paralyse
Press: ? - help, Shift-Dir - straight line, f/p - Harold
Aim: Harold, wielding a +0 battleaxe, wearing a +2 chain mail of cold resistance and quivering a throwing net (chance to affect: 17%)
Okay, then.
You hit Harold.
Harold is poisoned.
You grab Harold. You squeeze Harold.
Harold is lightly wounded.
You constrict Harold, but do no damage.
Harold points at you and mumbles some strange words.
You barely resist. Harold hits you with a +0 battleaxe!
The orc warrior barely misses you.
You hit Harold.
Harold looks as sick as possible!
Harold is lightly wounded.
You constrict Harold. Harold hits you with a +0 battleaxe!
The orc warrior closely misses you.
You hit Harold.
Harold looks as sick as possible!
Harold is moderately wounded.
You constrict Harold.
The orc warrior hits you from afar with a +0 halberd!
Harold hits you with a +0 battleaxe!!
* * * LOW HITPOINT WARNING * * *
Harold hits you with a +0 battleaxe!
You die...

.. ##.## .# #.# .# #. .#
.# .######## .........
..####################.#
................@@oocoo#
..######################
#.# ..# ###


You could see Harold (extremely poisoned), an orc warrior, a centaur and 3 orcs.

Vanquished Creatures
  Maurice (D:8)
  Maggie (D:8)
  5 yaks (D:7)
  2 water moccasins (D:7)
  3 black bears
  An orc warrior (D:6)
  2 sky beasts (D:7)
  A hornet zombie (D:8)
  A necrophage (D:4)
  An ice beast (D:5)
  4 ogres
  A phantom (D:5)
  A centaur (D:7)
  2 bullfrogs
  2 scorpions
  10 killer bees
  A wight (D:7)
  2 electric eels (D:8)
  4 bullfrog zombies
  3 centaur zombies
  3 orc priests
  2 gnoll shamans
  A hound (D:6)
  5 jellies
  A scorpion zombie (D:5)
  Terence (D:2)
  2 iguanas (D:4)
  3 orc wizards
  A killer bee zombie (D:5)
  A hound skeleton (D:4)
  A howler monkey skeleton (D:5)
  2 howler monkey zombies (D:5)
  13 gnolls
  5 adders
  2 shadow imps (D:7)
  2 white imps
  An ufetubus (D:5)
  A worm (D:2)
  A dart slug (D:4)
  21 orcs
  8 ball pythons
  9 bats
  9 endoplasms
  3 giant cockroaches
  13 goblins
  6 hobgoblins
  A jackal (D:3)
  8 kobolds
  5 quokkas
  2 frilled lizards
  6 rats
187 creatures vanquished.

Vanquished Creatures (others)
  9 plants (D:8)
9 creatures vanquished.

Grand Total: 196 creatures vanquished

Notes
Turn   | Place    | Note
-------+----------+-------------------------------------------
     0 | D:1      | VictoriousLee the Octopode Monk began the quest for the
                  | Orb.
     0 | D:1      | Reached XP level 1. HP: 16/16 MP: 1/1
   101 | D:1      | You fall into a shaft and drop 1 floor!
   117 | D:1      | Reached XP level 2. HP: 19/21 MP: 2/2
   213 | D:1      | Found Evuari's Jewellery Boutique.
   948 | D:1      | Reached XP level 3. HP: 27/27 MP: 3/3
  1220 | D:2      | Noticed Terence
  1229 | D:2      | Killed Terence
  1230 | D:2      | Reached skill level 4 in Fighting
  1316 | D:2      | Reached XP level 4. HP: 23/33 MP: 4/4
  1435 | D:2      | Found a faded altar of an unknown god.
  1498 | D:2      | Found a burning altar of Makhleb.
  2183 | D:2      | Learned a level 2 spell: Blink
  2242 | D:2      | Reached skill level 5 in Fighting
  2303 | D:2      | Reached XP level 5. HP: 39/39 MP: 5/5
  2462 | D:3      | Found Xyciumm's Armour Emporium.
  2572 | D:3      | Found a burning altar of Makhleb.
  2686 | D:3      | Found a blossoming altar of Fedhas.
  2844 | D:2      | Reached skill level 1 in Translocations
  3142 | D:3      | Found a shimmering altar of Xom.
  3527 | D:4      | Noticed an ogre
  3560 | D:4      | Killed an ogre
  3561 | D:4      | Reached skill level 6 in Fighting
  3561 | D:4      | Reached XP level 6. HP: 24/46 MP: 6/6
  3598 | D:4      | Found a staircase to the Ecumenical Temple.
  3613 | Temple   | Entered the Ecumenical Temple
  4461 | D:5      | Entered Level 5 of the Dungeon
  4461 | D:5      | Noticed a necrophage
  4479 | D:4      | Killed a necrophage
  4480 | D:4      | Reached XP level 7. HP: 53/53 MP: 7/7
  4512 | D:4      | Reached skill level 7 in Fighting
  4714 | D:4      | Reached skill level 1 in Spellcasting
  5040 | D:5      | Reached XP level 8. HP: 37/60 MP: 9/9
  5102 | D:5      | Reached skill level 5 in Long Blades
  5224 | D:5      | Identified the +0 steam dragon scales of the Tick {rPois
                  | Will+}
  5643 | D:5      | Found a basalt altar of Yredelemnul.
  5977 | D:6      | Reached XP level 9. HP: 34/64 MP: 10/10
  6650 | D:6      | Reached skill level 5 in Stealth
  6655 | D:6      | Found a glowing silver altar of Zin.
  6987 | D:7      | Reached skill level 8 in Fighting
  7194 | D:7      | Found a radiant altar of Vehumet.
  7526 | D:7      | Found a bloodstained altar of Trog.
  7618 | D:7      | Reached skill level 9 in Fighting
  7738 | D:7      | Reached skill level 5 in Dodging
  7738 | D:7      | Reached XP level 10. HP: 63/74 MP: 11/11
  7765 | D:7      | Reached skill level 10 in Fighting
  7900 | D:7      | Found a stormy altar of Qazlal.
  7917 | D:7      | Learned a level 3 spell: Confusing Touch
  7978 | D:8      | Noticed Maggie
  7989 | D:8      | Killed Maggie
  8502 | D:8      | Noticed Maurice
  8511 | D:8      | Killed Maurice
  8613 | D:8      | Noticed Harold
  8623 | D:8      | HP: 3/76 [Harold/+0 battleaxe (26)]
  8623 | D:8      | Mangled by Harold

Illustrated notes

Levels and vault maps discovered:
D:1:      psy_arrival_statuary, layout_basic, serial_shops,
          nicolae_shop_behind_doors
D:2:      layout_basic, basic_altar, hellmonk_ecumenical_altar_lost_god,
          minmay_guardbox, uniq_terence
D:3:      layout_basic, nicolae_overflow_hidden_temple, lemuel_tele_altar,
          tgw_xom, serial_shops, shop, kennysheep_another_room
D:4:      layout_cave_pods, minmay_temple_entry_waves
D:5:      layout_rooms, nicolae_yredelemnul_corpse_copse, grunt_ministairs_7
D:6:      layout_layer_cave, zin_academy
D:7:      layout_basic, trog_book, nicolae_qazlal_general_emergency,
          mainiacjoe_overflow_paths, fountainhead, grunt_decor_arrowhead,
          st_stairs_3, minmay_misc_feat_doors
D:8:      layout_loops_ring, nicolae_concentric_dashed_squares_wild,
          serial_bayou_lagoon_b, uniq_maggie, uniq_maurice, uniq_harold,
          uniq_prince_ribbit1
Temple:   nicolae_temple_figure_zero

Skill      XL: |  1  2  3  4  5  6  7  8  9 10 |
---------------+-------------------------------+-----
Stealth        | 3 4 7 |  7.1
Fighting       | 4 5 6 7 9 10 | 10.1
Translocations | 2 3 |  3.0
Spellcasting   | 1 |  1.0
Long Blades    | 4 8 |  8.5
Dodging        | 5 |  5.0
Hexes          | 4 |  4.5

Action                   |  1- 3 |  4- 6 |  7- 9 | 10-12 || total
-------------------------+-------+-------+-------+-------++-------
Melee: Dagger            |    49 |   136 |   114 |       ||   299
       Tentacles         |    14 |    27 |    62 |    19 ||   122
       Constrict         |    14 |    32 |    44 |    12 ||   102
       Punch             |     1 |     1 |     7 |     2 ||    11
       Falchion          |     1 |       |       |       ||     1
       Halberd           |       |     2 |   179 |    64 ||   245
Throw: Stone             |       |     1 |     3 |       ||     4
       Boomerang         |       |       |     2 |       ||     2
 Cast: Blink             |       |     1 |     3 |     1 ||     5
Evoke: Wand              |       |       |       |     1 ||     1
  Use: Scroll            |       |     2 |     4 |       ||     6
       Potion            |       |       |     9 |       ||     9
 Stab: Sleeping          |     8 |     6 |     9 |     1 ||    24
       Distracted        |       |     1 |       |       ||     1
       Paralysed         |       |       |       |     1 ||     1
Armor: Skin              |     6 |    10 |    81 |     4 ||   101
Dodge: Dodged            |    31 |    72 |   212 |    40 ||   355
